 Dungeon Crawl Stone Soup version 0.26.1-11-gd32895ea62 (webtiles) character file.

Game seed: 5075748508524580282

26278 Ezendos the Fighter (level 13, -2/91 HPs)
             Began as a Gargoyle Fighter on July 19, 2021.
             Was a High Priest of Okawaru.
             Slain by a hellwing (4 damage)
             ... on level 3 of the Abyss.
             The game lasted 00:30:34 (16838 turns).

Ezendos the Fighter (Gargoyle Fighter)             Turns: 16838, Time: 00:30:35

Health: -2/91      AC: 26    Str: 20      XL:     13   Next: 25%
Magic:  12/12      EV:  2    Int:  0 (5)  God:    Okawaru [*****.]
Gold:   545        SH: 14    Dex:  9      Spells: 12/12 levels left

rFire    + + .     SeeInvis .   a - +2 war axe (venom)
rCold    . . .     Faith    .   c - +0 kite shield
rNeg     + + +     Spirit   .   (armour currently unavailable)
rPois    ∞         Reflect  .   (helmet currently unavailable)
rElec    .         Harm     .   (cloak currently unavailable)
rCorr    .         Rampage  .   (gloves currently unavailable)
Will     .....     Rnd*Rage +   (boots currently unavailable) Stlth +++.......NoTele +
                                E - amulet of magic regeneration
HPRegen  0.25/turn              t - +4 ring of evasion
MPRegen  0.38/turn              A - ring of the Sun {Wiz rF++ Dex+3}

@: mighty, tree-form, heroism, slowed, lost intelligence, very slow
A: [berserk 2], blurry vision 1[+2], [clumsy 2], [deterioration 2], [dopey 2],
[frail 3], [low mp 3], negative energy resistance 1, [weak 2], petrification
resistance, miasma immunity, [subdued magic 3], AC +9
a: Renounce Religion, Heroism, Finesse


You were on level 3 of the Abyss.
You worshipped Okawaru.
Okawaru was extremely pleased with you.
You were a tree.
You visited 3 branches of the dungeon, and saw 15 of its levels.
You visited the Abyss 1 time.

You collected 908 gold pieces.
You spent 363 gold pieces at shops.

Inventory:

Hand Weapons
 a - a +2 war axe of venom (weapon)
 w - a +2 flail of protection
Armour
 c - a +0 kite shield (worn)
 d - a +0 plate armour (melded)
 x - a +0 pair of boots of running (melded)
 y - a +2 pair of gloves (melded)
 z - the +1 buckler of Dishonesty {rPois Will++ rCorr Str-2}
   (You took it off a gnoll sergeant on level 6 of the Dungeon)

   It affects your strength (-2).
   It protects you from poison.
   It affects your willpower, your defense against some magical effects.
   It provides partial protection from all sources of acid and corrosion.
Jewellery
 t - a +4 ring of evasion (left branch)
 A - the ring of the Sun (right branch) {Wiz rF++ Dex+3}
   (You took it off a gnoll on level 6 of the Dungeon)

   [ring of wizardry]

   It improves your spell success rate.
   It affects your dexterity (+3).
   It greatly protects you from fire.
 E - an amulet of magic regeneration (around neck)
Wands
 o - a wand of acid (7)
 s - a wand of enslavement (7)
 D - a wand of iceblast (9)
Scrolls
 e - 3 scrolls of remove curse
 h - 4 scrolls of blinking
 k - 2 scrolls of immolation
 l - 2 scrolls of fear
 p - 4 scrolls of teleportation
 q - 2 scrolls of fog
 v - a scroll of torment
Potions
 b - a potion of haste
 f - a potion of magic
 g - a potion of resistance
 i - a potion of invisibility
 j - 9 potions of curing
 m - 2 potions of flight
 n - a potion of mutation
 u - a potion of attraction
 B - a potion of brilliance {unknown}


   Skills:
 * Level 13.0(18.0) Fighting
 * Level 9.5(14.5) Axes
 + Level 8.5(13.5) Armour
 + Level 5.8(10.8) Dodging
 - Level 2.0(7.0) Stealth
 * Level 11.4(16.4) Shields
 * Level 7.2 Invocations


You had 12 spell levels left.
You didn't know any spells.
Your spell library contained the following spells:

 Spells                   Type           Power        Failure   Level
 Beastly Appendage        Tmut           0%           21%         1
 Wereblood                Tmut           0%           32%         2
 Confusing Touch          Hex            0%           52%         3
 Gell's Gravitas          Tloc           0%           52%         3
 Spider Form              Tmut/Pois      0%           52%         3
 Ice Form                 Ice/Tmut       0%           90%         4
 Petrify                  Tmut/Erth      0%           90%         4
 Blade Hands              Tmut           0%           99%         5
 Metabolic Englaciation   Hex/Ice        0%           99%         5
 Yara's Violent Unravell  Hex/Tmut       0%           99%         5


Dungeon Overview and Level Annotations

Branches:
Dungeon (12/15)            Temple (1/1) D:5            Lair (0/6) D:11
    Orc (2/2) D:9             Elf (0/3) Orc:2

Altars:
Cheibriados
Hepliaklqana
Nemelex Xobeh
Okawaru
Trog
Wu Jian
Yredelemnul
Zin
The Shining One
Beogh
Jiyva

Shops:
D:8 [   D:9 !*   Orc:1 :   Orc:2 =

Annotations:
D:12 3 runed translucent doors, Tramtrist's ghost, journeyman DDFi
Orc:2 Urug
Abyss:3 1 runed translucent door


Innate Abilities, Weirdness & Mutations

You are resistant to torment.
((Your stone body is resilient. (AC +9)))
You are immune to poison.
You resist negative energy. (rN+)
((You are resistant to electric shocks. (rElec)))
((You can survive without breathing.))
You are immune to petrification.
You are immune to miasma.
[You often lose your temper in combat.]
[Scrolls take you much longer to read.]
[You are very clumsy. (Dex -4)]
[((Armour fits poorly on your strangely shaped body.))]
[Your body often deteriorates upon taking damage.]
[You are very dopey. (Int -4)]
[You are extremely frail. (-30% HP)]
[Your magical capacity is extremely low. (-30% MP)]
[((You are sometimes teleported next to monsters.))]
[You are very weak. (Str -4)]
[Your spells are much easier to cast, but much less powerful.]


Message History

You are shoved backwards!
The wretched star pulses with an eldritch light!
Your vision blurs. x2
A chaos spawn comes into view.
The hellwing hits you but does no damage. x2
You can move again.
Unknown command.
Unknown command.
Unknown command.
Unknown command.
It was a potion of lignification.
You turn into a tree.
Your +2 pair of gloves melds into your body.
Your +0 pair of boots of running melds into your body.
Your +0 plate armour melds into your body.
You feel rather sluggish.
Your roots penetrate the ground.
You block the thrashing horror's attack. x2
The hellwing hits you.
* * * LOW HITPOINT WARNING * * *
The hellwing hits you.
You die...

......##....#..
....4.......#.#
.............#
......#......#
.#.............#
....#..........##
#................#
...........♣..#..# #
......#..4#...# ....#
..#.#.#§#.#...#
#.....#.#.#§#.#.#..#
#.......3#v#.#.#.# # #
#....#5#.#...#.#.# #
#..*z5#.....#.... ###
### #..X#.#...#.#.... .
..#..##.#..#.....#...#.


You could see a wretched star, a hellwing, a neqoxec, a chaos spawn (wandering),
a flying skull and an iron imp (summoned).

Vanquished Creatures
  A stone giant (D:12)
  Snorg (D:10)
  A boulder beetle (D:12)
  2 centaur warriors (D:12)
  A hydra (D:11)
  3 two-headed ogres
  The ghost of Gwenloh the Zephyrmancer, a novice NaAE of Sif Muna (D:9)
  A tengu warrior (D:7)
  An unseen horror (D:9)
  A deep elf mage (D:8)
  The ghost of captivecurve the Cleaver, a novice MiBe of Trog (D:6)
  2 cyclopes (D:12)
  An ugly thing (D:12)
  2 centaur zombies (D:12)
  A worldbinder (Abyss:3)
  An apocalypse crab (Abyss:3)
  Maggie (D:6)
  A troll (D:11)
  2 hornets (D:12)
  4 slime creatures
  2 vampires
  2 water elementals (D:11)
  5 wraiths
  2 wyverns
  2 shadows
  14 yaks
  A yak (shapeshifter) (D:12)
  A basilisk (D:12)
  Grum (D:10)
  A vampire mosquito (D:12)
  A soldier ant (D:12)
  An acid dragon (D:12)
  2 water moccasins
  4 ice beasts
  7 orc warriors
  3 sky beasts
  2 black bears
  2 necrophages
  6 phantoms
  A boggart (D:12)
  8 ogres
  9 wolves
  7 centaurs
  6 big kobolds
  2 gnoll sergeants (D:6)
  14 bullfrogs
  A water moccasin zombie (D:10)
  A scorpion (D:6)
  3 troll zombies (D:9)
  10 killer bees
  2 howler monkeys
  5 electric eels (D:11)
  4 bullfrog zombies
  10 jellies
  4 hounds
  An orc priest (D:9)
  5 centaur skeletons
  3 bullfrog skeletons
  2 gnoll shamans
  5 iguanas
  13 orc wizards
  14 worker ants
  5 ogre zombies (D:9)
  3 hound zombies
  A hound skeleton (D:7)
  A spectral worker ant (D:10)
  14 adders
  18 gnolls
  4 shadow imps
  3 white imps
  An ooze (D:2)
  An ufetubus (D:6)
  An adder skeleton (D:5)
  3 adder zombies
  2 worms (D:4)
  A dart slug (D:1)
  7 leopard geckos
  48 orcs
  9 bats
  10 giant cockroaches
  9 goblins
  8 hobgoblins
  12 jackals
  5 quokkas
  A ball python (D:1)
  4 frilled lizards
  2 goblin skeletons (D:9)
  4 goblin zombies (D:9)
  3 hobgoblin skeletons (D:9)
  A hobgoblin zombie (D:9)
  17 kobolds
  An orc skeleton (D:9)
  14 orc zombies (D:9)
  A quokka skeleton (D:5)
  8 rats
440 creatures vanquished.

Vanquished Creatures (others)
  A death knight (D:12)
  An orc wizard (D:6)
  2 foxfires (Abyss:3)
  14 plants
18 creatures vanquished.

Grand Total: 458 creatures vanquished

Notes
Turn   | Place    | Note
-------+----------+-------------------------------------------
     0 | D:1      | Ezendos the Gargoyle Fighter began the quest for the Orb.
     0 | D:1      | Reached XP level 1. HP: 14/14 MP: 1/1
   147 | D:1      | Reached XP level 2. HP: 19/19 MP: 2/2
   381 | D:1      | Reached XP level 3. HP: 23/23 MP: 3/3
   668 | D:2      | Reached skill level 1 in Stealth
   668 | D:2      | Reached XP level 4. HP: 20/29 MP: 4/4
   968 | D:2      | Reached skill level 1 in Dodging
  1240 | D:3      | Reached skill level 4 in Fighting
  1462 | D:3      | Noticed a centaur
  1468 | D:3      | Killed a centaur
  1469 | D:3      | Reached XP level 5. HP: 30/33 MP: 5/5
  2097 | D:3      | Reached XP level 6. HP: 14/39 MP: 6/6
  2650 | D:4      | Noticed an orc warrior
  2906 | D:4      | Reached skill level 5 in Fighting
  3509 | D:4      | Killed an orc warrior
  3510 | D:4      | Reached skill level 6 in Fighting
  3510 | D:4      | Reached XP level 7. HP: 37/47 MP: 7/7
  3677 | D:4      | Reached skill level 7 in Fighting
  3901 | D:5      | Entered Level 5 of the Dungeon
  4399 | D:5      | Found a staircase to the Ecumenical Temple.
  4783 | D:6      | Noticed Maggie
  4855 | D:5      | Reached skill level 8 in Fighting
  4855 | D:5      | Reached XP level 8. HP: 30/54 MP: 8/8
  5336 | D:6      | Reached skill level 5 in Shields
  5479 | D:6      | Killed Maggie
  5480 | D:6      | Reached skill level 9 in Fighting
  5895 | D:6      | Identified the ring of the Sun {Wiz rF++ Dex+3}
  5895 | D:6      | Identified the +7 spear of Regicide {chaos, rC+ Str+2
                  | Stlth+}
  5895 | D:6      | Identified the +1 ring mail of Prudence {rElec rC+ Int+3}
  5895 | D:6      | Identified the +1 buckler of Dishonesty {rPois Will++ rCorr
                  | Str-2}
  5900 | D:6      | Found a transporter.
  5931 | D:6      | Reached XP level 9. HP: 60/60 MP: 9/9
  6159 | D:6      | Found a transporter.
  6243 | D:6      | Noticed captivecurve's ghost (novice MiBe)
  6750 | D:7      | Found an ornate altar of the Wu Jian Council.
  7110 | D:7      | Found a glowing golden altar of the Shining One.
  7581 | D:7      | Reached skill level 5 in Armour
  7708 | D:7      | Reached skill level 5 in Axes
  8061 | D:8      | Noticed a two-headed ogre
  8447 | D:8      | Noticed a tengu warrior
  8518 | D:7      | Killed a tengu warrior
  8519 | D:7      | Reached skill level 10 in Fighting
  8519 | D:7      | Reached XP level 10. HP: 57/68 MP: 10/10
  8595 | D:7      | Killed a two-headed ogre
  8880 | D:8      | Noticed a deep elf mage
  9009 | Temple   | Entered the Ecumenical Temple
  9015 | Temple   | Became a worshipper of Warmaster Okawaru
  9161 | D:8      | Killed a deep elf mage
  9162 | D:8      | Reached skill level 1 in Invocations
  9398 | D:8      | Found Byhidghe's Antique Armour Boutique.
  9423 | D:8      | Reached * piety under Okawaru
  9496 | D:8      | Bought a pair of embroidered boots for 232 gold pieces
  9506 | D:8      | Identified a +0 pair of boots of running (You bought it in
                  | a shop on level 8 of the Dungeon)
  9706 | D:9      | Found Sateq's Distillery.
  9713 | D:9      | Bought a potion of degeneration for 11 gold pieces
  9719 | D:9      | Found a runed translucent gate.
  9720 | D:9      | Found a runed translucent gate.
  9807 | D:9      | Reached skill level 11 in Fighting
  9871 | D:9      | Found a runed translucent gate.
  9872 | D:9      | Noticed Gwenloh's ghost (novice NaAE)
  9922 | D:9      | Killed an unseen horror
  9922 | D:9      | Reached ** piety under Okawaru
  9923 | D:9      | Reached XP level 11. HP: 72/74 MP: 13/13
  9989 | D:9      | Found Fieqad's Assorted Antiques.
  9993 | D:9      | Bought a glowing fluorescent wand for 120 gold pieces
 10156 | D:9      | Found a staircase to the Orcish Mines.
 10554 | D:9      | Found a viscous altar of Jiyva.
 10625 | D:10     | Entered Level 10 of the Dungeon
 10632 | D:10     | Noticed Snorg
 10646 | D:10     | Killed Snorg
 10646 | D:10     | Reached *** piety under Okawaru
 11030 | D:10     | Noticed a two-headed ogre
 11049 | D:10     | Killed a two-headed ogre
 11329 | D:10     | Noticed Grum
 11918 | D:10     | Killed Grum
 12010 | D:10     | Reached **** piety under Okawaru
 12011 | D:10     | Reached skill level 5 in Invocations
 12334 | D:10     | Found a sparkling altar of Nemelex Xobeh.
 13109 | D:10     | Reached XP level 12. HP: 76/81 MP: 15/15
 13129 | D:11     | Reached skill level 12 in Fighting
 13129 | D:11     | Reached skill level 10 in Shields
 13217 | D:11     | Found the +5 scythe "Finisher" {speed, eviscerate}
 13534 | D:11     | Found a staircase to the Lair.
 13624 | D:11     | Reached skill level 5 in Dodging
 13919 | D:12     | Noticed a five-headed hydra
 14121 | Orc:1    | Entered Level 1 of the Orcish Mines
 14133 | Orc:1    | Noticed a two-headed ogre
 14256 | D:9      | Killed a two-headed ogre
 14256 | D:9      | Reached ***** piety under Okawaru
 14563 | Orc:1    | Found Kuacepracw's Book Boutique.
 14664 | Orc:2    | Entered Level 2 of the Orcish Mines
 14664 | Orc:2    | Found a staircase to the Elven Halls.
 14664 | Orc:2    | Found Meerou's Jewellery Boutique.
 14664 | Orc:2    | Noticed a two-headed ogre
 14664 | Orc:2    | Noticed an ogre mage
 14664 | Orc:2    | Noticed Urug
 14692 | Orc:2    | Noticed a two-headed ogre
 14834 | D:6      | Killed captivecurve's ghost
 15025 | D:9      | Killed Gwenloh's ghost
 15217 | D:11     | Was placed under penance by Okawaru
 15518 | D:11     | Killed a five-headed hydra
 15592 | D:11     | Was forgiven by Okawaru
 15593 | D:11     | Noticed a stone giant
 15593 | D:11     | Noticed a minotaur
 15593 | D:11     | Noticed a deep elf knight
 15593 | D:11     | Noticed a deep elf sorcerer
 15850 | D:12     | Found a runed translucent gate.
 15850 | D:12     | Noticed Tramtrist's ghost (journeyman DDFi)
 15851 | D:12     | Found a runed translucent gate.
 15853 | D:12     | Found a runed translucent gate.
 15857 | D:12     | Identified the cursed +0 chain mail of Chill Winds
                  | {Rampage}
 15858 | D:12     | Found a roughly hewn altar of Beogh.
 15913 | D:12     | Received a gift from Okawaru
 15947 | D:12     | Killed a stone giant
 16088 | D:12     | Noticed a centaur warrior
 16123 | D:12     | Killed a centaur warrior
 16139 | D:12     | Reached XP level 13. HP: 47/87 MP: 17/17
 16492 | D:12     | Reached skill level 13 in Fighting
 16634 | D:12     | Cast into level 3 of the Abyss (a deep elf sorcerer)
 16636 | Abyss:3  | Found a corrupted altar of Lugonu.
 16764 | Abyss:3  | Found a corrupted altar of Lugonu.
 16796 | Abyss:3  | Found a runed translucent gate.
 16822 | Abyss:3  | Gained mutation: [Scrolls take you a little longer to
                  | read.] [a neqoxec]
 16833 | Abyss:3  | Lost intelligence.
 16837 | Abyss:3  | HP: 2/61 [thrashing horror (5)]
 16838 | Abyss:3  | Slain by a hellwing

Illustrated notes

Levels and vault maps discovered:
D:1:      lightli_arrival_lavapool, layout_rooms
D:2:      layout_rooms
D:3:      layout_basic
D:4:      layout_basic, kennysheep_opposing_triangles
D:5:      layout_loops_cross, minmay_temple_entry_trees
D:6:      layout_layer_cave, gammafunk_ghost_gnarly_gnolls,
          minmay_misc_feat_cross, minmay_a_box_with_orc_wizards_in_it,
          uniq_maggie
D:7:      layout_basic, general_overflow_altar, tso_metal_star
D:8:      minmay_four_partial_circles, layout_gridville, serial_shops, shop
D:9:      layout_basic, zombieorc2_lemuel, serial_shops,
          nicolae_shop_statue_plus, shop, gammafunk_ghost_ooze, minmay_circle_x
D:10:     layout_roguey, grunt_decor_junction, hangedman_weighted_door,
          nemelex_diamond_rough_becter, uniq_snorg, uniq_grum
D:11:     layout_stronghold, erik_lair_island, minmay_guarded_unrand_finisher
D:12:     nzn_winding_woodlands_huge [nzn_winding_woodlands_5x15_sawtooth,
          nzn_winding_woodlands_5x15_parted,
          nzn_winding_woodlands_5x15_river_crossing,
          nzn_winding_woodlands_5x15_split_checker,
          nzn_winding_woodlands_5x15_twine,
          nzn_winding_woodlands_5x15_concentric,
          nzn_winding_woodlands_5x15_cabin, nzn_winding_woodlands_5x15_pockets,
          nzn_winding_woodlands_5x15_eye, nzn_winding_woodlands_5x15_default,
          nzn_winding_woodlands_center_pierced_h,
          nzn_winding_woodlands_center_garden,
          nzn_winding_woodlands_15x15_thick_spiral], layout_stronghold,
          biasface_ghost_orc_armoury, kb_rosetta
Temple:   nicolae_temple_the_god_donut
Orc:1:    layout_caves, serial_shops, shop
Orc:2:    st_orc_open, layout_caves, maelrawn_ghost_gauntlet_escape,
          basic_altar, elf_legates, uniq_urug
Abyss:3:  base: Orc:2, bh_abyss_exit_grid

Skill      XL: |  1  2  3  4  5  6  7  8  9 10 11 12 13 |
---------------+----------------------------------------+-----
Axes           | 2 3 4 5 7 8 9 |  9.5
Stealth        | 1 2 |  2.0
Dodging        | 1 2 3 4 5 |  5.8
Fighting       | 4 6 8 9 10 11 12 13 | 13.0
Shields        | 4 5 7 8 9 11 | 11.4
Armour         | 4 5 6 7 8 |  8.5
Invocations    | 3 5 6 7 |  7.2

Action                   |  1- 3 |  4- 6 |  7- 9 | 10-12 | 13-15 || total
-------------------------+-------+-------+-------+-------+-------++-------
Melee: War axe           |   106 |    47 |    94 |   889 |   100 ||  1236
       Dagger            |       |   208 |   293 |   109 |       ||   610
       Flail             |       |       |     3 |    11 |       ||    14
Invok: Heroism           |       |       |       |     6 |     1 ||     7
Evoke: Wand              |       |       |       |     8 |       ||     8
  Use: Scroll            |     3 |     7 |     9 |     8 |     3 ||    30
       Potion            |       |     1 |     1 |     1 |     2 ||     5
Armor: Scale mail        |    11 |       |       |       |       ||    11
       Chain mail        |    79 |   128 |    25 |       |       ||   232
       Plate armour      |       |       |   231 |   613 |    70 ||   914
Dodge: Dodged            |    31 |    61 |    82 |   380 |    58 ||   612
Block: Kite shield       |    60 |   116 |   205 |   621 |    92 ||  1094
       Buckler           |       |       |       |    13 |       ||    13
